 Dungeon Crawl Stone Soup version 0.23.1-37-gaa34b87 (webtiles) character file.

Game seed: 9055883748775502630

1136 vishdafish the Grappler (level 8, -6/52 HPs)
             Began as an Octopode Fighter on Mar 22, 2019.
             Shot with an arrow by a centaur (9 damage)
             ... on level 6 of the Dungeon.
             The game lasted 00:06:39 (5931 turns).

vishdafish the Grappler (Octopode Fighter)          Turns: 5931, Time: 00:06:40

Health: -6/52      AC:  4    Str: 16    XL:     8   Next: 36%
Magic:  6/6        EV: 12    Int: 12    God:
Gold:   121        SH: 11    Dex: 11    Spells: 6/7 levels left

rFire    . . .     SeeInvis .     - Unarmed
rCold    . . .     Gourm    .   a - +1 shield
rNeg     . . .     Faith    .   (helmet restricted)
rPois    .         Spirit   .   (no amulet)
rElec    .         Reflect  .   j - ring of flight
rCorr    .         Harm     .   q - ring of teleportation (curse)
MR       .....     Rnd*Tele +   C - +1 ring of protection
Stlth    ++........             (no ring)
HPRegen  0.17/turn              (no ring)
MPRegen  0.10/turn              (no ring)
                                (no ring)
                                (no ring)

@: no status effects
A: almost no armour, stealthy swim, amphibious, 8 rings, constrict 8, iridescent
scales 1, camouflage 1, low mp 2, gelatinous body 1
a: Evoke Flight


You were on level 6 of the Dungeon.
You were hungry.

You visited 1 branch of the dungeon, and saw 6 of its levels.
You also visited: Sewer.

You collected 326 gold pieces.
You spent 205 gold pieces at shops.

Inventory:

Hand Weapons
 r - a +0 blowgun
Missiles
 s - 33 poisoned needles
 u - 4 tomahawks (quivered)
Armour
 a - a +1 shield (worn)
Jewellery
 j - a ring of flight (left tentacle)
 q - a cursed ring of teleportation (right tentacle)
 C - a +1 ring of protection (on tentacle)
Wands
 o - a wand of disintegration (11)
 v - a wand of clouds (10)
 w - a wand of random effects (4)
 z - a wand of acid (9)
Scrolls
 e - 2 scrolls of noise
 g - 2 scrolls of enchant weapon
 h - a scroll of magic mapping {unknown}
 i - 4 scrolls of amnesia
 l - 4 scrolls of enchant armour
 n - 4 scrolls of remove curse
 p - a scroll of teleportation
 y - a scroll of silence {unknown}
Potions
 b - a potion of invisibility {unknown}
 d - 3 potions of degeneration
 f - a potion of heal wounds {unknown}
 k - 2 potions of brilliance {unknown}
 m - 3 potions of curing {unknown}
 t - 2 potions of agility
 x - a potion of might
 A - a potion of berserk rage
 B - a potion of ambrosia
Comestibles
 c - 12 rations


   Skills:
 - Level 3.3 Fighting
 - Level 3.0 Dodging
 + Level 6.1 Shields
 * Level 8.0 Unarmed Combat
 + Level 1.0 Hexes


You had 6 spell levels left.
You knew the following spells:

 Your Spells              Type           Power        Failure   Level  Hunger
a - Confusing Touch       Hex            #.....       56%         1    ##.....

Your spell library contained the following spells:

 Spells                   Type           Power        Failure   Level  Hunger
 Animate Skeleton         Necr           N/A          71%         1    ##.....
 Apportation              Tloc           #.....       71%         1    ##.....
 Summon Small Mammal      Summ           #...         71%         1    ##.....
 Call Imp                 Summ           #.......     83%         2    ###....
 Summon Guardian Golem    Hex/Summ       #.......     94%         3    ####...
 Call Canine Familiar     Summ           #.......     97%         3    ####...
 Summon Ice Beast         Ice/Summ       #.......     100%        4    #####..
 Summon Lightning Spire   Summ/Air       #.......     100%        4    #####..


Dungeon Overview and Level Annotations

Branches:
Dungeon (6/15)
 Temple: D:4-7

Altars:
Elyvilon
Hepliaklqana
Makhleb
Nemelex Xobeh
Okawaru
Trog
Uskayaw
Vehumet
Wu Jian
Yredelemnul
Zin
The Shining One

Shops:
D:5 *

Annotations:
D:6 Prince Ribbit


Innate Abilities, Weirdness & Mutations

You cannot wear most types of armour.
You are very stealthy in the water. (Stealth+)
You are amphibious.
You can wear up to eight rings at the same time.
You can use your tentacles to constrict eight enemies at once.
Your skin changes colour to match your surroundings (Stealth+).
Your rubbery body absorbs attacks. (AC +1, EV +1)
You are partially covered in iridescent scales. (AC +2)
Your magical capacity is very low. (-20% MP)


Message History

Aiming: Disintegrate
Press: ? - help, Shift-Dir - straight line, f - centaur
Aim: a centaur, wielding a +0 shortbow (chance to defeat MR: 65%)
The centaur is blasted!!
The centaur shoots an arrow.
The arrow hits you!
* * * LOW HITPOINT WARNING * * *
Prince Ribbit casts a spell.
Prince Ribbit looks slightly unstable.
The centaur shoots an arrow.
You block the arrow.
Evoke which item? (* to show all) (? for menu, Esc to quit)
Aiming: Disintegrate
Press: ? - help, Shift-Dir - straight line, f/p - centaur
Aim: a centaur, wielding a +0 shortbow (almost dead, chance to defeat MR: 65%)
The centaur struggles to resist.
Prince Ribbit blinks!
Evoke which item? (* to show all) (? for menu, Esc to quit)
Aiming: Disintegrate
Press: ? - help, Shift-Dir - straight line, f/p - centaur
Aim: a centaur, wielding a +0 shortbow (almost dead, chance to defeat MR: 65%)
The centaur struggles to resist.
The centaur shoots an arrow.
The arrow hits you!
You die...

#.##.## ### #..# # #.
#.# ..## #..# # #. #.#
..!# #.)# #
#.####...### #..####
#)##.......###......
#.#..(.......#.#####
#.##.#.(......#.#.####
#.....(.(...###
#....## #..#.#@#....#
######.
#..#.......c... #.# #.
###.#....... #.# #.
#.#........ #.# #
#.#.###.ยง.. #.# ..#.#
... ##. #.. ## #.# #)
#[


You could see a centaur.

Vanquished Creatures
  Sigmund (D:4)
  Edmund (D:4)
  A necrophage (D:6)
  An ogre (D:4)
  A bullfrog (Sewer)
  A scorpion (D:2)
  An orc priest (D:4)
  A bullfrog skeleton (D:6)
  2 hounds (D:4)
  An orc wizard (D:3)
  Jessica (D:2)
  A gnoll shaman (D:3)
  3 worker ants
  A hound skeleton (D:4)
  9 gnolls
  6 adders
  A shadow imp (D:5)
  An ooze (D:3)
  4 worms
  A dart slug (D:2)
  7 leopard geckos
  13 orcs
  7 ball pythons
  7 bats
  10 giant cockroaches
  6 goblins
  8 hobgoblins
  5 jackals (D:3)
  4 quokkas
  12 frilled lizards
  10 kobolds
  6 rats
134 creatures vanquished.

Notes
Turn   | Place    | Note
-------+----------+-------------------------------------------
     0 | D:1      | vishdafish the Octopode Fighter began the quest for the
                  | Orb.
     0 | D:1      | Reached XP level 1. HP: 16/16 MP: 1/1
   291 | D:1      | Reached XP level 2. HP: 20/21 MP: 2/2
   661 | D:2      | Noticed Jessica
   667 | D:2      | Reached XP level 3. HP: 4/26 MP: 3/3
   670 | D:2      | Killed Jessica
   670 | D:2      | Reached skill level 3 in Unarmed Combat
  1002 | D:2      | Reached XP level 4. HP: 26/31 MP: 4/4
  1046 | D:2      | Reached skill level 4 in Unarmed Combat
  1147 | D:2      | Reached XP level 5. HP: 35/36 MP: 5/5
  1412 | D:2      | Found a radiant altar of Vehumet.
  1414 | D:2      | Found an ornate altar of the Wu Jian Council.
  1417 | D:2      | Found a bloodstained altar of Trog.
  1418 | D:2      | Found a hide-covered altar of Uskayaw.
  1418 | D:2      | Found a basalt altar of Yredelemnul.
  1418 | D:2      | Found an iron altar of Okawaru.
  1418 | D:2      | Found a white marble altar of Elyvilon.
  1419 | D:2      | Found a glowing golden altar of the Shining One.
  1420 | D:2      | Found a sparkling altar of Nemelex Xobeh.
  1421 | D:2      | Found a hazy altar of Hepliaklqana.
  1825 | D:3      | Found a glowing drain.
  1841 | Sewer    | Entered a sewer
  2212 | Sewer    | Reached skill level 5 in Unarmed Combat
  2212 | Sewer    | Reached XP level 6. HP: 32/42 MP: 6/6
  3482 | D:4      | Found a burning altar of Makhleb.
  3482 | D:4      | Found a glowing silver altar of Zin.
  3483 | D:4      | Noticed an angel
  3483 | D:4      | Noticed a blizzard demon
  3483 | D:4      | Noticed Edmund
  3500 | D:4      | Killed Edmund
  3500 | D:4      | Reached skill level 5 in Shields
  3500 | D:4      | Reached skill level 6 in Unarmed Combat
  3500 | D:4      | Reached XP level 7. HP: 20/46 MP: 7/7
  4098 | D:4      | Reached skill level 7 in Unarmed Combat
  4214 | D:4      | Noticed Sigmund
  4221 | D:4      | Killed Sigmund
  4221 | D:4      | Reached XP level 8. HP: 12/52 MP: 8/8
  4466 | D:5      | Entered Level 5 of the Dungeon
  4514 | D:5      | Found Maasea's Assorted Antiques.
  4521 | D:5      | Bought a scroll labeled KIELUT PEESHYG for 26 gold pieces
  4521 | D:5      | Bought a scroll labeled SEFAUL VOAFU for 26 gold pieces
  4521 | D:5      | Bought a scroll labeled EDI NIHAZI for 26 gold pieces
  4521 | D:5      | Bought a blackened ivory wand for 104 gold pieces
  4521 | D:5      | Bought a grey potion for 23 gold pieces
  4549 | D:5      | Gained mutation: Your magical capacity is low. (-10% MP)
                  | [potion of mutation]
  4549 | D:5      | Gained mutation: Your magical capacity is very low. (-20%
                  | MP) [potion of mutation]
  4549 | D:5      | Gained mutation: One of your tentacles bears a spike.
                  | [potion of mutation]
  5055 | D:5      | Lost mutation: One of your tentacles bears a spike. [potion
                  | of mutation]
  5055 | D:5      | Lost mutation: Your magical capacity is very low. (-20% MP)
                  | [potion of mutation]
  5055 | D:5      | Gained mutation: Your system is resistant to poisons.
                  | (rPois) [potion of mutation]
  5055 | D:5      | Gained mutation: Your magical capacity is very low. (-20%
                  | MP) [potion of mutation]
  5055 | D:5      | Lost mutation: Your system is resistant to poisons. (rPois)
                  | [potion of mutation]
  5055 | D:5      | Gained mutation: You are partially covered in iridescent
                  | scales. (AC +2) [potion of mutation]
  5560 | D:6      | Learned a level 1 spell: Confusing Touch
  5898 | D:6      | Reached skill level 8 in Unarmed Combat
  5898 | D:6      | Reached skill level 1 in Hexes
  5918 | D:6      | Noticed Prince Ribbit
  5931 | D:6      | Shot with an arrow by a centaur

Skill      XL: |  1  2  3  4  5  6  7  8 |
---------------+-------------------------+-----
Unarmed Combat | 3 4 5 6 7 8 |  8.0
Shields        | 4 5 6 |  6.1
Hexes          | 1 |  1.0
Fighting       | |  3.3
Dodging        | |  3.0

Action                   |  1- 3 |  4- 6 |  7- 9 || total
-------------------------+-------+-------+-------++-------
Melee: Unarmed           |    52 |   168 |    74 ||   294
       Constrict         |    15 |    41 |    19 ||    75
       Tentacles         |    11 |    29 |    21 ||    61
       Punch             |     1 |     3 |     3 ||     7
       Kick              |       |       |     5 ||     5
Evoke: Wand              |       |       |     3 ||     3
  Use: Scroll            |       |     3 |     8 ||    11
       Potion            |       |     1 |     2 ||     3
 Stab: Sleeping          |     7 |     9 |     3 ||    19
  Eat: Chunk             |       |     8 |     7 ||    15
Armor: Skin              |     3 |     9 |     1 ||    13
Dodge: Dodged            |    17 |    68 |    33 ||   118
Block: Shield            |    13 |    74 |    37 ||   124
